 Dungeon Crawl Stone Soup version 0.30-a0-509-gd016549fea (webtiles) character file.

Game seed: 10704212977817235779

3 Bnni the Grave Robber (level 1, -1/13 HPs)
             Began as a Demonspawn Necromancer on Dec 22, 2022.
             Slain by a goblin
             ... wielding a +0 dagger
              (3 damage)
             ... on level 1 of the Dungeon.
             The game lasted 00:00:19 (40 turns).

Bnni the Grave Robber (Demonspawn Necromancer)        Turns: 40, Time: 00:00:19

Health: -1/13      AC:  2    Str:  8    XL:     1   Next: 41%
Magic:  0/3        EV: 12    Int: 16    God:
Gold:   0          SH:  0    Dex: 13    Spells: 3/4 levels left

rFire   . . .      SeeInvis .    (no weapon)
rCold   . . .      Faith    .    (no shield)
rNeg    . . .      Spirit   .    a - +0 robe
rPois   .          Reflect  .    (no helmet)
rElec   .          Harm     .    (no cloak)
rCorr   .          Rampage  .    (no gloves)
Will    .....                    (no boots)
Stlth   ++........               (no amulet)
HPRegen 0.22/turn                (no ring)
MPRegen 0.08/turn                (no ring)

@: no status effects
A: no striking features
a: no special abilities


You were on level 1 of the Dungeon.
You visited 1 branch of the dungeon, and saw 1 of its levels.

Inventory:

Armour
 a - a +0 robe (worn)
Potions
 b - a potion of magic
 c - a potion of curing {unknown}


   Skills:
 + Level 0.2 Fighting
 - Level 1.7 Dodging
 - Level 1.7 Stealth
 + Level 2.0 Spellcasting
 * Level 4.5 Necromancy


You had 3 spell levels left.
You knew the following spells:

 Your Spells              Type           Power      Damage    Failure   Level
a - Necrotise             Necr           64%        1d7       3%          1

Your spell library contained the following spells:

 Spells                   Type           Power      Damage    Failure   Level
 Vampiric Draining        Necr           16%        2d7       10%         3
 Animate Dead             Necr           16%        N/A       32%         4
 Agony                    Necr           16%        N/A       65%         5


Dungeon Overview and Level Annotations

Branches:
Dungeon (1/15)

Altars:


Message History

The goblin is moderately wounded.
The bat hits your ball python skeleton.
The bat barely misses your ball python skeleton.
The goblin hits you with a +0 dagger. The bat hits your ball python skeleton.
Your ball python skeleton barely misses the bat.
Your ball python skeleton grabs the bat.
Your ball python skeleton constricts the bat.
You barely miss the goblin.
The goblin is moderately wounded.
The bat hits your ball python skeleton.
Your ball python skeleton is destroyed!
The goblin completely misses you. The bat hits you.
Unknown command.
You are too injured to fight recklessly!
Unknown command.
You barely miss the goblin.
The goblin is moderately wounded.
The bat closely misses you. The goblin completely misses you.
You barely miss the goblin.
The goblin is moderately wounded.
The bat hits you but does no damage. The bat closely misses you.
The goblin hits you with a +0 dagger.
* * * LOW HITPOINT WARNING * * *
Unknown command.
You hit the goblin.
The goblin is severely wounded.
The bat closely misses you. The bat hits you but does no damage.
The goblin barely misses you.
Aiming: Necrotise (safe; 3% risk of failure)
Press: ? - help, Q - select action Shift-Dir - straight line, f - goblin
Aim: a goblin, wielding a +0 dagger (severely wounded, chance to affect: 86%)
The goblin barely resists.
The bat closely misses you. The bat hits you.
* * * LOW HITPOINT WARNING * * *
The goblin closely misses you.
Unknown command.
You closely miss the goblin.
The goblin is severely wounded.
The bat misses you. The goblin hits you with a +0 dagger.
You die...

#>#.. #≈#.. ..# #
#≈#..## ..# .#
#≈#...# #.# #.# #
##'###.###.. ..#..
#<...'.#...# .....
#..8.'.#.#.##..##..
#..8.'.#b#.........
#....'.@g.........#
##+###..##.........
#....##.###.....
#.$..##.# .)..
#....##.# ...
#.#####.# ## ## #.#
#..


You could see a goblin and a bat.

Vanquished Creatures
  A dart slug (D:1)
  A ball python (D:1)
2 creatures vanquished.

Notes
Turn   | Place    | Note
-------+----------+-------------------------------------------
     0 | D:1      | Bnni the Demonspawn Necromancer began the quest for the
                  | Orb.
     0 | D:1      | Reached XP level 1. HP: 13/13 MP: 3/3
    40 | D:1      | Slain by a goblin

Illustrated notes

Levels and vault maps discovered:
D:1:      sevenhm_arrival_forest_fort_small_6, layout_basic

Action                   || total
-------------------------++-------
Melee: Unarmed           ||    15
 Cast: Necrotise         ||     5
Armor: Robe              ||     7
Dodge: Dodged            ||    22

Table legend: (Time is in decaauts)
 A = Elapsed time spent in this place.
 B = Non-inter-level travel time spent in this place.
 C = Inter-level travel time spent in this place.
 D = Time resting spent in this place.
 E = Time spent auto-exploring this place.
 F = Levels seen in this place.
 G = Mean time per level.
                   A        B        C        D        E       F      G
               +--------+--------+--------+--------+--------+-----+--------+
         Total |     40 |     40 |      0 |      0 |     10 |   1 |   40.0 |
       Dungeon |     40 |     40 |      0 |      0 |     10 |   1 |   40.0 |
               +--------+--------+--------+--------+--------+-----+--------+

Top non-repeatable levels by time:
     D:1: 40 daAuts
